 Dungeon Sprint DCSS version 0.31-a0-816-gd61d57ddb1 (webtiles) character file.

Game seed: 6642375293804351794

11124 Revguard the Protected (level 11, -25/78 HPs)
             Began as a Gargoyle Fighter on Sept 22, 2023.
             Was an Initiate of Ru.
             Annihilated by an enormous slime creature (55 damage)
             ... in the Dungeon (Sprint V: "Ziggurat Sprint").
             The game lasted 00:08:06 (743 turns).

Revguard the Protected (Gargoyle Fighter)            Turns: 743, Time: 00:08:07

Health: -25/78     AC: 41    Str: 29    XL:     11   Next: 72%
Magic:  11/11      EV:  6    Int:  9    God:    Ru [......]
Gold:   0          SH: 30    Dex: 13    Spells: 10/10 levels left

rFire   . . .        b - +16 consecrated labrys {holy, Valiant Fragile Fly SInv}
rCold   . . .        C - +18 shield of the Gong {Loud rN+ Will+ rCorr EV-5}
rNeg    + + .        B - +15 Maxwell's patent armour {-Cast -Tele rElec Will+ rCorr}
rPois   ∞            t - +1 helmet {Int+3}
rElec   +            (no cloak)
rCorr   +            (no gloves)
SInv    +            (no boots)
Will    +++..        (no amulet)
Stlth   x              - +6 ring of strength
HPRegen 0.33/turn    n - ring "Puret" {Will+ Str+2 Slay+4}
MPRegen 0.12/turn

%: no teleportation, no spellcasting
@: flying, studying Axes
A: sickness immunity, AC +8, dopey 1, negative energy resistance 1, electricity
resistance, torment resistance 1, petrification resistance, no forms
a: Renounce Religion, Sacrifice an Eye, Sacrifice Courage, Sacrifice Arcana,
Reject Sacrifices


You were in the Dungeon.
You worshipped Ru.
Ru was noncommittal.
You visited 1 branch

Inventory:

Hand Weapons
 b - the +16 consecrated labrys (weapon) {holy, Valiant Fragile Fly SInv}
   (You found it in the Dungeon)

   Valiant:   It becomes more powerful as more dangerous foes come into view.
   SInv:      It lets you see invisible.
   Fly:       It grants you flight.
   Fragile:   It will be destroyed if unequipped.
 D - the +16 obsidian axe {drain, demonic, Mesm Drain Fly SInv}
   (You found it in the Dungeon)

   Mesm:      Its wielder is mesmerised by any visible foes, and it cannot be
   unequipped while any foes are visible.
   SInv:      It lets you see invisible.
   Fly:       It grants you flight.
   Drain:     It drains your maximum health when unequipped.
Armour
 t - a +1 helmet of intelligence (worn)
 B - the +15 Maxwell's patent armour (worn) {-Cast -Tele rElec Will+ rCorr}
   (You found it in the Dungeon)

   rElec:     It insulates you from electricity.
   Will+:     It increases your willpower.
   -Cast:     It prevents spellcasting.
   -Tele:     It prevents most forms of teleportation.
   rCorr:     It protects you from acid and corrosion.
 C - the +18 shield of the Gong (worn) {Loud rN+ Will+ rCorr EV-5}
   (You found it in the Dungeon)

   Loud:      It is deafeningly noisy when blocking attacks.
   EV-5:      It affects your evasion (-5).
   rN+:       It protects you from negative energy.
   Will+:     It increases your willpower.
   rCorr:     It protects you from acid and corrosion.
Jewellery
 c - a +4 ring of protection
 n - the ring "Puret" (right hand) {Will+ Str+2 Slay+4}
   (You acquired it in the Dungeon)

   [ring of slaying]

   Str+2:     It affects your strength (+2).
   Slay+4:    It affects your accuracy & damage with ranged weapons and melee
   (+4).
   Will+:     It increases your willpower.
 x - a +6 ring of strength (left hand)
 y - a +6 ring of strength
Wands
 a - a wand of flame (24)
 s - a wand of polymorph (4)
 z - a wand of mindburst (13)
 A - a wand of acid (12)
 E - a wand of roots (9)
 F - a wand of digging (17)
Scrolls
 j - 4 scrolls of blinking
 o - 4 scrolls of amnesia
 p - 8 scrolls of fog
 q - 5 scrolls of identify
 r - 2 scrolls of fear
Potions
 d - 6 potions of might
 e - 10 potions of curing
 f - 6 potions of heal wounds
 g - 6 potions of haste
 h - 7 potions of magic
 i - 3 potions of berserk rage
 k - 2 potions of brilliance
 l - 2 potions of invisibility
 m - 4 potions of resistance


   Skills:
 + Level 13.6 Fighting
 + Level 11.3 Axes
 + Level 13.6 Armour
 + Level 10.2 Dodging
 + Level 13.2 Shields
 + Level 10.8 Evocations


You had 10 spell levels left.
You didn't know any spells.
Your spell library contained the following spells:

 Spells                   Type           Power      Damage    Failure   Level
 Sandblast                Erth           0%         2d4       98%         1
 Ensorcelled Hibernation  Hex/Ice        0%         N/A       99%         2
 Momentum Strike          Conj/Tloc      0%         3d8       99%         2
 Passwall                 Tmut/Erth      0%         N/A       99%         2
 Gell's Gravitas          Tloc           0%         N/A       100%        3
 Mephitic Cloud           Conj/Pois/Air  0%         N/A       100%        3
 Teleport Other           Tloc           0%         N/A       100%        3
 Petrify                  Tmut/Erth      0%         N/A       100%        4
 Irradiate                Conj/Tmut      0%         3d11      100%        5
 Bombard                  Conj/Erth      0%         9d1       100%        6
 Dispersal                Tloc           0%         N/A       100%        6
 Chain Lightning          Conj/Air       0%         N/A       100%        9
 Sublimation of Blood     Necr           Unusable   N/A       N/A         2

Dungeon Overview and Level Annotations

Branches:
Dungeon (1/1)

Altars:
Ashenzari
Cheibriados
Dithmenos
Elyvilon
Fedhas
Gozag
Hepliaklqana
Kikubaaqudgha
Makhleb
Nemelex Xobeh
Okawaru
Qazlal
Ru
Sif Muna
Trog
Uskayaw
Vehumet
Wu Jian
Xom
Yredelemnul
Zin
The Shining One
Jiyva
Lugonu

Annotations:
D 1 transporter


Innate Abilities, Weirdness & Mutations

You are immune to sickness and miasma.
Your stone body is resilient. (AC +8)
You are immune to poison.
You are dopey. (Int -2)
You resist negative energy. (rN+)
You are resistant to electric shocks. (rElec)
You are resistant to unholy torment.
You are immune to petrification.
You cannot voluntarily change form.


Message History

You barely miss the azure jelly. You slash the slime creature!
You block the slime creature's attack.
BOUMMMMG!
Two slime creatures merge to form an enormous slime creature.
The azure jelly closely misses you. You block the azure jelly's attack.
PTOANNNG!
You block the azure jelly's attack.
PANG!
The azure jelly hits you but does no damage. x2
You block the azure jelly's attack.
SHROANNG!
The azure jelly hits you but does no damage.
You block the azure jelly's attack.
BOUMMMMG!
Ru believes you are ready to make a new sacrifice.
You feel much better. You block the slime creature's attack.
GONNNNG!
You block the jelly's attack.
PTOANNNG!
You block the azure jelly's attack.
GONNNNG!
The azure jelly hits you. The azure jelly freezes you!!
The azure jelly hits you but does no damage.
You block the azure jelly's attack.
PTOANNNG!
The azure jelly hits you but does no damage. x4
You barely miss the azure jelly.
The azure jelly is moderately wounded.
You slice the slime creature!! You hit the enormous slime creature.
You hit the jelly.
Your hands burn!
You slice the azure jelly!! You block the azure jelly's attack.
GONNNNG!
You block the azure jelly's attack.
GONNNNG!
The azure jelly hits you but does no damage.
The azure jelly completely misses you. You block the slime creature's attack.
BOUMMMMG!
The enormous slime creature hits you!!!
Ouch! That really hurt!
You die...

▓▓▓▓▓▓▓▓▓▓▓▓▓▓▓▓▓▓▓
▓...8©8...▓...8©8...▓
▓..)!/[/..▓.....[)..▓
▓..)/[)/..▓.........▓
▓.........▓.........▓
▓.........▓.........▓
▓.........▓.........▓
▓...JJJ...▓...)))...▓
▓...J@J...▓...).)...▓
▓.........▓....©....▓
▓....©....▓▓▓▓▓▓▓▓▓▓▓
▓▓▓▓▓▓▓▓▓▓▓


You could see 2 azure jellies, an enormous slime creature, a slime creature and
a jelly.

Vanquished Creatures
  6 dancing weapons (D)
  4 deep elf knights (D)
  3 deep elf archers (D)
  3 deep elf zephyrmancers (D)
  2 air elementals (D)
  A naga (D)
  A hell hound (D)
  3 water moccasins (D)
  An orc warrior (D)
  A centaur (D)
  A crimson imp (D)
  4 orc priests (D)
  An iron imp (D)
  2 orc wizards (D)
  An ufetubus (D)
  An adder zombie (D)
  2 ball pythons (D)
  A bat skeleton (D)
  A bat zombie (D)
  2 endoplasms (D)
  A quokka zombie (D)
42 creatures vanquished.

Vanquished Creatures (collateral kills)
  A dancing weapon (D)
  A deep elf zephyrmancer (D)
  A yaktaur (D)
  A ynoxinul (D)
  A centaur (D)
  A quasit (D)
  3 orc priests (D)
  2 orc wizards (D)
  3 orcs (D)
14 creatures vanquished.

Grand Total: 56 creatures vanquished

Notes
Turn   | Place    | Note
-------+----------+-------------------------------------------
     0 | D        | Revguard the Gargoyle Fighter began the quest for the Orb.
     0 | D        | Reached XP level 1. HP: 14/14 MP: 1/1
     0 | D        | Found a shimmering blue altar of Sif Muna.
     0 | D        | Found a bloodstained altar of Trog.
     0 | D        | Found a sacrificial altar of Ru.
     0 | D        | Found a stormy altar of Qazlal.
     0 | D        | Found an iron altar of Okawaru.
     1 | D        | Found a sparkling altar of Nemelex Xobeh.
     1 | D        | Found a blossoming altar of Fedhas.
     1 | D        | Found the +6 Majin-Bo {spellvamp, MP+6 Int+6}
     1 | D        | Found the +27 heavy crossbow "Sniper" {heavy, Acc+∞ SInv}
     1 | D        | Found the +10 dark maul {heavy}
     1 | D        | Found the +15 Maxwell's patent armour {-Cast -Tele rElec
                  | Will+ rCorr}
     1 | D        | Found the +18 shield of the Gong {Loud rN+ Will+ rCorr
                  | EV-5}
     1 | D        | Found the +16 obsidian axe {drain, demonic, Mesm Drain Fly
                  | SInv}
     1 | D        | Found the +7 great mace "Firestarter" {flame, immolate,
                  | rFlCloud rF++}
     1 | D        | Found the +6 shillelagh "Devastator" {shatter}
     1 | D        | Found the +11 plutonium sword {Contam Stlth-}
     1 | D        | Found the +8 lance "Wyrmbane" {slay drac, rPois rF+ rC+
                  | AC+3}
     1 | D        | Found the +9 sword of Zonguldrok {reap}
     1 | D        | Found the +13 scythe of Curses {drain, curses, Drain}
     1 | D        | Found the +9 sword of Power {lifebolt}
     1 | D        | Found the +7 mace of Variability {chaos, chaos arc}
     1 | D        | Found the +11 Singing Sword {sonic wave}
     1 | D        | Found the +8 storm bow {elec, penet}
     3 | D        | Found a transporter.
     3 | D        | Found an ancient bone altar of Kikubaaqudgha.
     3 | D        | Found a viscous altar of Jiyva.
     3 | D        | Found a corrupted altar of Lugonu.
     3 | D        | Found a hazy altar of Hepliaklqana.
     3 | D        | Found a burning altar of Makhleb.
     3 | D        | Found an opulent altar of Gozag.
    85 | D        | Became a worshipper of Ru the Awakened
    86 | D        | Reached XP level 2. HP: 20/20 MP: 2/2
    94 | D        | Entered arena 2.
    94 | D        | Found a transporter.
    99 | D        | Noticed a soul eater
   129 | D        | Entered arena 3.
   129 | D        | Noticed a centaur
   129 | D        | Noticed a yaktaur
   129 | D        | Noticed a centaur
   129 | D        | Found a transporter.
   133 | D        | Killed a centaur
   134 | D        | Reached skill level 5 in Fighting
   134 | D        | Reached skill level 5 in Armour
   134 | D        | Reached skill level 5 in Shields
   134 | D        | Reached XP level 3. HP: 19/26 MP: 3/3
   134 | D        | Reached XP level 4. HP: 23/31 MP: 4/4
   134 | D        | Killed a centaur
   135 | D        | Reached XP level 5. HP: 27/36 MP: 5/5
   136 | D        | Killed a yaktaur
   137 | D        | Reached skill level 5 in Axes
   137 | D        | Reached skill level 5 in Evocations
   137 | D        | Reached XP level 6. HP: 35/44 MP: 6/6
   171 | D        | Entered arena 4.
   171 | D        | Noticed a hell hound
   171 | D        | Found a transporter.
   173 | D        | Killed a hell hound
   174 | D        | Reached skill level 5 in Dodging
   174 | D        | Reached XP level 7. HP: 48/48 MP: 7/7
   187 | D        | Entered arena 5.
   187 | D        | Noticed a ynoxinul
   187 | D        | Found a transporter.
   189 | D        | Killed a ynoxinul
   192 | D        | Gained mutation: You cannot voluntarily change form. [Ru
                  | sacrifice]
   199 | D        | Entered arena 6.
   199 | D        | Noticed a deep elf archer
   199 | D        | Noticed a +0 war axe of electrocution
   199 | D        | Noticed a deep elf archer
   199 | D        | Noticed a deep elf knight
   199 | D        | Noticed a deep elf zephyrmancer
   199 | D        | Found a transporter.
   201 | D        | Noticed an orange demon
   202 | D        | Killed a +0 war axe of electrocution
   203 | D        | Reached XP level 8. HP: 52/56 MP: 8/8
   204 | D        | Killed a deep elf knight
   205 | D        | Reached XP level 9. HP: 58/62 MP: 9/9
   205 | D        | Killed a deep elf zephyrmancer
   206 | D        | Reached skill level 10 in Fighting
   206 | D        | Reached skill level 10 in Armour
   213 | D        | Killed a deep elf archer
   214 | D        | Reached skill level 10 in Shields
   218 | D        | Killed a deep elf archer
   224 | D        | Got the Information on Geometry and the Syncline
   256 | D        | Entered arena 7.
   256 | D        | Noticed a deep elf zephyrmancer
   256 | D        | Noticed a +1 glaive of protection
   256 | D        | Noticed a deep elf zephyrmancer
   256 | D        | Noticed a +0 glaive of protection
   256 | D        | Noticed a deep elf archer
   256 | D        | Noticed a deep elf knight
   265 | D        | Killed a +0 glaive of protection
   265 | D        | Killed a deep elf zephyrmancer
   266 | D        | Reached XP level 10. HP: 17/70 MP: 10/10
   267 | D        | Killed a deep elf knight
   268 | D        | Found a transporter.
   272 | D        | Killed a +1 glaive of protection
   277 | D        | Killed a deep elf archer
   279 | D        | Killed a deep elf zephyrmancer
   280 | D        | Reached skill level 10 in Axes
   286 | D        | Got the Cyclopedia of Fog
   425 | D        | Entered arena 8.
   426 | D        | Found a transporter.
   432 | D        | Reached XP level 11. HP: 75/76 MP: 11/11
   445 | D        | Gained mutation: You are dopey. (Int -2) [Ru sacrifice]
   448 | D        | Entered arena 9.
   448 | D        | Found the +4 consecrated labrys {holy, Valiant Fragile Fly
                  | SInv}
   449 | D        | Found a transporter.
   471 | D        | Entered arena 10.
   472 | D        | Found a transporter.
   485 | D        | Got Mysticism Continued
   488 | D        | Acquired the ring "Puret" {Will+ Str+2 Slay+4}
   619 | D        | Entered arena 11.
   619 | D        | Noticed a +0 flail of venom
   619 | D        | Noticed a +2 short sword of electrocution
   619 | D        | Noticed a deep elf knight
   619 | D        | Noticed a +2 long sword of holy wrath
   619 | D        | Noticed a deep elf zephyrmancer
   619 | D        | Noticed a +4 heavy flail
   619 | D        | Noticed a deep elf knight
   620 | D        | Found a transporter.
   624 | D        | Killed a +4 heavy flail
   625 | D        | Reached skill level 10 in Evocations
   625 | D        | Killed a +2 short sword of electrocution
   625 | D        | Killed a +2 long sword of holy wrath
   626 | D        | Killed a +0 flail of venom
   632 | D        | Killed a deep elf knight
   633 | D        | Reached skill level 10 in Dodging
   636 | D        | Killed a deep elf knight
   636 | D        | Killed a deep elf zephyrmancer
   734 | D        | Entered arena 12.
   734 | D        | Noticed an azure jelly
   735 | D        | Noticed an azure jelly
   736 | D        | Found a transporter.
   743 | D        | Annihilated by an enormous slime creature

Illustrated notes

Levels and vault maps discovered:
D:        sprint_v [room_start, room_1, room_2, room_3, room_4, room_5, room_6,
          room_7, room_8, room_9, room_10, room_11, room_12, room_13, room_14,
          room_15, room_16, room_17, room_18, room_19, room_20, room_21,
          room_22, room_23, room_24, room_25, room_26, room_27]

Skill      XL: |  1  2  3  4  5  6  7  8  9 10 11 |
---------------+----------------------------------+-----
Fighting       | 4 5 6 7 9 11 12 13 | 13.6
Axes           | 3 4 5 6 7 9 10 11 | 11.3
Armour         | 4 5 6 7 9 11 12 13 | 13.6
Dodging        | 2 3 4 5 6 8 9 10 | 10.2
Shields        | 4 5 6 7 9 11 12 13 | 13.2
Evocations     | 2 3 4 5 6 7 8 9 10 | 10.8

Action                     |  1- 3 |  4- 6 |  7- 9 | 10-12 || total
---------------------------+-------+-------+-------+-------++-------
  Melee: Broad axe         |    12 |     4 |    16 |    17 ||    49
         Labrys            |       |       |       |    24 ||    24
 Invoke: Sacrifice Forms   |       |       |     1 |       ||     1
         Sacrifice Purity  |       |       |       |     1 ||     1
  Evoke: Wand              |       |       |     3 |       ||     3
    Use: Potion            |     1 |       |       |     4 ||     5
         Scroll            |       |       |       |     1 ||     1
 Armour: Plate armour      |    14 |     1 |    19 |    49 ||    83
  Dodge: Dodged            |     1 |       |     1 |    10 ||    12
  Block: Kite shield       |    24 |     6 |    41 |    77 ||   148

Table legend: (Time is in decaauts)
 A = Elapsed time spent in this place.
 B = Non-inter-level travel time spent in this place.
 C = Inter-level travel time spent in this place.
 D = Time resting spent in this place.
 E = Time spent auto-exploring this place.
 F = Levels seen in this place.
 G = Mean time per level.
                   A        B        C        D        E       F      G
               +--------+--------+--------+--------+--------+-----+--------+
         Total |    757 |    757 |      0 |    380 |      0 |   1 |  757.0 |
       Dungeon |    757 |    757 |      0 |    380 |      0 |   1 |  757.0 |
               +--------+--------+--------+--------+--------+-----+--------+

Top non-repeatable levels by time:
       D: 757 daAuts
